 BcadrenCrawl: Boulder Brew version 0.04.2-20-g1dbc4a6302 (webtiles) character file.

Game seed: 10402477749124900466, levelgen mode: deterministic

91912 st0uf the Aspect of Bahamut (level 15, -8/130 HPs) Golden Draconian Demonspawn. Began on May 24, 2021. Was the Champion of Bahamut & Tiamat. Mangled by a two-headed ogre ... wielding a +0 giant club (15 damage) ... on level 2 of the Orcish Mines. The game lasted 01:48:11 (17466 turns).

st0uf the Aspect of Bahamut (DrDs)                 Turns: 17466, Time: 01:48:12

Health: -8/130     AC: 20    Str: 26      XL:     15 ^: 21960
Magic:  0/30       EV: 16    Int: 10 (12) God:    Bahamut & Tiamat [6* [200]]
Gold:   2257       SH:  4    Dex: 13      Spells: 31/36 levels left

rFire    + + .     Vision   .   y - +3 long sword (slice)
rCold    + + .     Gourm    .   N - +1 buckler {rC+ rF+}
rNeg     . . .     Faith    .   (armour unavailable)
rPois    +         Spirit   +   (helmet restricted)
rElec    .         Reflect  .   K - +0 cloak
rCorr    .         Harm     .   P - +0 pair of gloves
MR       +....                  D - +0 pair of boots
Stlth    ++........             A - amulet of regeneration
HPRegen  0.93/turn              U - ring of strength
MPRegen  0.80/turn              n - ring of protection

@: about to teleport, short of breath, studying Short Blades, lightly drained
A: no body armour, unfitting armour, antennae 1, thin metallic scales 1, demonic
guardian 1, magic shield, magic regeneration, magic link, cold-blooded, boosted
short blades aptitude, strongly boosted long blades aptitude, boosted shields
aptitude, fire, ice and poison enhancers 2, rF+, rC+, rPois, AC +10
a: Breathe Fire, Breathe Frost, Breathe Noxious Fumes, Enhanced Breath, Summon
Drakes, Brand Weapon with Dragonslaying, Receive Book of the Dragon, Renounce
Religion


You were on level 2 of the Orcish Mines.
You worshipped Bahamut & Tiamat.
Bahamut & Tiamat was exalted by your worship.
You were not hungry.

You visited 4 branches of the dungeon, and saw 17 of its levels.
You also visited: Ice Cave.

You collected 2257 gold pieces.

Inventory:

Weapons
 x - the +9 lance "Wyrmbane" {slay drac, rPois rF+ rC+ AC+3}
   (You took it off Maggie on level 5 of the Dungeon)

   This legendary weapon is deadly to all dragonkind.
   It affects your AC (+3).
   It protects you from fire.
   It protects you from cold.
   It protects you from poison.
 y - a +3 long sword of slicing (weapon)
 H - a +1 scimitar of molten steel Shields
 e - a +2 heater shield of poison resistance
 o - a +0 sai
 N - a +1 buckler of resistance (shield)
Armour
 D - a +0 pair of boots (worn)
 K - a +0 cloak (worn)
 P - a +0 pair of gloves (worn)
Jewellery
 k - an uncursed ring of resist corrosion
 l - an uncursed ring of ice
 n - a ring of protection (right hand)
 A - an amulet of regeneration (around neck)
 U - a ring of strength (left hand)
 X - an uncursed amulet of the acrobat
 Y - a cursed ring of magical power {(Curse: rF-)}
Wands
 i - a wand of polymorph (14)
 p - a wand of ensnaring (9)
 r - a wand of enslavement (7)
 t - a wand of clouds (7)
 B - a wand of iceblast (10)
 E - a wand of hasting (11)
 Q - a wand of disintegration (12)
 R - a wand of healing (4)
 V - a wand of flame (22)
Scrolls
 a - 14 scrolls of teleportation
 c - 10 scrolls of amnesia
 f - 3 scrolls of summoning
 j - 4 scrolls of immolation
 w - 4 scrolls of enchantment
 F - 5 scrolls of blinking
 I - 4 scrolls of fog
 J - a scroll of magic mapping
 M - 5 scrolls of bless item
 O - a scroll of fear
 T - 2 scrolls of acquirement
Potions
 d - 10 potions of brilliance
 g - 2 potions of invisibility
 h - 5 potions of heal wounds
 m - 4 potions of resistance
 q - 2 potions of magic
 s - 4 potions of might
 u - a potion of haste
 v - 2 potions of ambrosia
 z - 5 potions of curing
 C - 2 potions of berserk rage
 G - 4 potions of lignification
 L - a potion of cancellation
 S - a potion of cure mutation
Comestibles
 b - 39 rations
 W - 3 chunks of flesh


   Skills:
 + Level 11.3(11.0) Fighting
 - Level 4.3(6.4) Short Blades
 + Level 9.6(9.9) Long Blades
 + Level 7.7(7.4) Dodging
 - Level 2.0(1.7) Stealth
 + Level 9.1(8.8) Shields
 - Level 12.5(12.3) Unarmed Combat
 * Level 11.3(11.0) Spellcasting
 - Level 8.0(7.7) Fire Magic
 - Level 2.9(2.6) Poison Magic
 + Level 12.9(12.6) Invocations


You had 31 spell levels left.
You knew the following spells:

 Your Spells              Type           Power        Failure   Level  Hunger
a - Flame Tongue          Fire           30 (30)      1%          1    None
b - Sticky Flame          Fire/Pois      35 (100)     14%         4    ####...

Your spell library contained the following spells:

 Spells                   Type           Power        Failure   Level  Hunger
 Foxfire                  Fire           25 (25)      1%          1    None
 Searing Ray              Fire           47 (50)      1%          2    None
 Conjure Flame            Fire           47 (100)     1%          3    ##.....
 Sting                    Pois           24 (25)      6%          2    None
 Poisonous Vapours        Pois/Air       18 (50)      7%          1    None
 Ignite Poison            Fire/Tmut      29 (100)     8%          3    ##.....
 Inner Flame              Hex/Fire       29 (100)     8%          3    ##.....
 Sandblast                Erth           5 (50)       12%         1    None
 Summon Small Mammal      Summ           5 (25)       12%         1    None
 Fireball                 Fire           47 (200)     14%         5    #####..
 Blink                    Tloc           N/A          19%         2    None
 Call Imp                 Summ           5 (100)      19%         2    None
 Ensorcelled Hibernation  Hex/Ice        12 (50)      19%         2    None
 Passwall                 Tmut/Erth      5 (120)      19%         2    None
 Slow                     Hex            5 (100)      19%         2    None
 Mephitic Cloud           Pois/Air       18 (100)     22%         3    ##.....
 Call Canine Familiar     Summ           5 (100)      36%         3    ##.....
 Stone Arrow              Erth           5 (50)       36%         3    ##.....
 Olgreb's Toxic Radiance  Pois           24 (100)     38%         4    ####...
 Petrify                  Tmut/Erth      5 (100)      77%         4    ####...
 Summon Ice Beast         Ice/Summ       12 (100)     77%         4    ####...
 Irradiate                Tmut/Pois      18 (200)     89%         5    #####..
 Lee's Rapid Deconstruct  Erth           5 (200)      98%         5    #####..
 Methodical Deconstructi  Erth           5 (200)      98%         5    #####..
 Silence                  Hex/Air        5 (200)      98%         5    #####..
 Summon Lightning Spire   Summ/Air       5 (100)      98%         5    #####..
 Borgnjor's Vile Clutch   Necr/Erth      5 (200)      100%        6    #######
 Cigotuvi's Degeneration  Tmut/Necr      5 (200)      100%        6    #######
 Darkness                 Hex            5 (200)      100%        6    #######
 Shadow Creatures         Summ           N/A          100%        6    #######
 Statue Form              Tmut/Erth      5 (150)      100%        6    #######
 Dragon Form              Tmut           5 (200)      100%        7    #######
 Infestation              Tmut/Pois      18 (200)     100%        7    #######


Dungeon Overview and Level Annotations

Branches:
Dungeon (8/8)              Temple (1/1) D:4            Lair (6/6) D:5
 Shoals (0/4) Lair:4       Spider (0/4) Lair:4        Slime (0/5) Lair:6
    Orc (2/2) D:6             Elf (0/3) Orc:2        Vaults (0/5) D:7
 Depths (0/5) D:8           IceCv (visited)

Altars:
Ashenzari Bahamut & Tiamat
Cheibriados
Dithmenos
Elyvilon
Fedhas Madash
Gozag Ym Sagoz
Hepliaklqana
Kikubaaqudgha
Makhleb
Nemelex Xobeh
Qazlal
Ru
Sif Muna
Trog
Uskayaw
Vehumet
Wu Jian
Xom
Yredelemnul
Zin
The Shining One
Beogh
Jiyva

Shops:
D:7 =

Annotations:
D:6 3 runed translucent doors, DEFE's ghost, journeyman DrDs
Lair:4 3 runed translucent doors, ZomBoFoB's ghost, journeyman DrPr


Innate Abilities, Weirdness & Mutations

You cannot fit into any form of body armour.
Your imposing gold scales are resilient. (AC +10)
You can breathe your choice of flames, frost or noxious fumes.
You have a pair of small antennae on your head.
You are partially covered in thin metallic scales. (AC +2)
A weak demonic guardian rushes to your aid.
When hurt, damage is shared between your health and your magic reserves.
You regenerate magic rapidly.
When low on magic, you restore magic in place of health.
You are cold-blooded and may be slowed by cold attacks.
You are naturally skilled at Short Blades (Aptitude +3).
You are naturally adept at Long Blades (Aptitude +5).
You are naturally skilled at Shields (Aptitude +3).
You are strongly in touch with the powers of fire, ice and venom.
Your imposing gold scales grant you resistance to fire, cold and poison. (rF+, rC+, rPois)


Message History

Your white imp blocks the two-headed ogre's attack.
The two-headed ogre hits your white imp with a cursed +8 giant spiked club {(Curse: Fragile rC-)} (12)!
Your white imp dies!
You slash the two-headed ogre (13)!
The two-headed ogre is moderately wounded. (31/49) HP A two-headed ogre comes into view.
You block the two-headed ogre's attack.
The two-headed ogre barely misses you (0).
The two-headed ogre shouts in stereo!
You hear a shout! x2
You hear two shouts! x3; You hear a shout! x2; You hear two shouts!
The two-headed ogre closely misses you (0).
The two-headed ogre hits you with a cursed +8 giant spiked club {(Curse: Fragile rC-)} (25)!!
* * * LOW HITPOINT WARNING * * *
You see here 14 gold pieces.
As you read the scroll of teleportation, it crumbles to dust.
You feel strangely unstable.
The two-headed ogre hits you with a +0 giant club (13)!
* * * LOW HITPOINT WARNING * * *
The two-headed ogre hits you with a +0 giant club (21)!!
You die...

##.. ##... ...... ##.... #
### #....## .## ##.##
##...5## ....
####...###......## #..#
##.###.#.#.#...@..# #...#.
#)..##.........OO####......
##...............O.#.......
###......)........O...#
##..#)###.#...........##
#......#.##..........O#
##....)..............O#.
#..................#....
##.......................


You could see 5 two-headed ogres, an ogre and a friendly white imp.

Vanquished Creatures
  Rupert (Orc:2)
  2 fire dragons
  A chaos butterfly (Lair:4)
  2 mummy priests (Lair:1)
  Erolcha (D:5)
  2 rakshasas (D:8)
  A stone giant (Orc:1)
  8 boulder beetles
  2 ogre magi (D:8)
  3 unseen horrors
  3 swooping magpies
  4 vault guards (D:7)
  2 two-headed ogres
  A swamp dragon (Lair:6)
  14 hydras
  2 glowing orange brains (D:8)
  An orc knight (Orc:1)
  2 centaur warriors
  Pikel (D:5)
  3 oklob plants (Lair:4)
  A guardian serpent (Lair:6)
  A deep elf mage (D:8)
  An orc sorcerer (Orc:2)
  A manticore (D:8)
  3 death yaks (Lair:5)
  A rock worm (D:6)
  2 giraffes (Lair:3)
  Maurice (D:5)
  3 ice statues (IceCv)
  Joseph (Lair:1)
  7 ugly things
  3 black mambas
  17 spiny frogs
  A wolf spider (Lair:6)
  2 freezing wraiths (D:8)
  3 trolls
  6 ice devils (IceCv)
  2 yaktaurs (D:8)
  A rime drake (shapeshifter) (D:8)
  A kobold demonologist (D:6)
  6 rime drakes
  12 elephants (Lair:6)
  A tengu conjurer (D:7)
  2 efreet
  11 komodo dragons
  2 hornets (Lair:6)
  A polar bear (Lair:2)
  2 demonic crawlers (D:6)
  11 blink frogs
  A wraith (D:6)
  2 giraffe zombies (Lair:1)
  6 dream sheep (Lair:6)
  3 cyclopes
  A death yak skeleton (Lair:1)
  2 steam dragons (Lair:6)
  13 wyverns
  Sigmund (D:2)
  6 humans (D:7)
  27 yaks
  An acid dragon (D:6)
  3 vampire mosquitoes
  A hungry ghost (D:7)
  5 redbacks (Lair:6)
  A slime creature (shapeshifter) (D:8)
  10 basilisks
  4 slime creatures
  A warg (Orc:1)
  7 guardian mummies
  23 water moccasins
  11 orc warriors
  15 porcupines
  7 scorpions
  An ice beast (D:6)
  2 sky beasts (D:6)
  2 swamp drakes (Lair:6)
  An eye of draining (shapeshifter) (D:8)
  An eye of draining (D:6)
  A black bear (D:5)
  11 ogres
  A wolf spider simulacrum (D:8)
  8 crocodiles
  3 big kobolds
  A swooping magpie skeleton (Lair:1)
  15 bullfrogs
  A centaur (D:5)
  A spiny frog skeleton (Lair:1)
  A black mamba skeleton (Lair:1)
  A polar bear skeleton (Lair:1)
  2 yak skeletons (Lair:1)
  3 harpy skeletons (D:7)
  A howler monkey (D:5)
  3 killer bees (D:5)
  4 wights (D:4)
  A basilisk zombie (Lair:1)
  3 troll simulacra (IceCv)
  6 electric eels
  2 blink frog skeletons (Lair:1)
  A basilisk skeleton (Lair:1)
  A crimson imp (D:3)
  6 orc priests
  4 hounds
  5 jellies
  10 orc wizards
  5 mummies
  4 iguanas (Lair:6)
  2 crocodile zombies (Lair:1)
  2 wyvern zombies
  5 worker ants
  2 crocodile skeletons (Lair:1)
  3 water moccasin skeletons (Lair:1)
  3 naga simulacra (IceCv)
  3 ogre simulacra (IceCv)
  8 giant cockroaches
  4 bullfrog zombies
  A porcupine zombie (Lair:1)
  2 wolf skeletons (Lair:1)
  6 bullfrog skeletons
  3 porcupine skeletons
  4 adders
  10 sewer rats (D:2)
  A white imp (D:4)
  A centaur simulacrum (IceCv)
  2 worms
  7 cinder newts
  A killer bee zombie (D:5)
  2 hound skeletons (D:5)
  5 oozes (D:2)
  A howler monkey skeleton (D:5)
  An adder zombie (D:5)
  4 leopard geckos
  30 orcs
  6 adder skeletons
  2 cinder newt skeletons (D:2)
  4 goblins (D:1)
  2 hobgoblins (D:1)
  7 jackals
  13 kobolds
  2 quokkas
  4 ball pythons (D:2)
  7 bats
  A quokka skeleton (D:5)
  2 rats (D:1)
  A butterfly (Lair:6)
  A plant (Lair:4)
  4 slaves (D:5)
  4 withered plants (D:2)
598 creatures vanquished.

Vanquished Creatures (collateral kills)
  Frances (D:6)
  A vault guard (D:7)
  A hydra (Lair:4)
  A necromancer (IceCv)
  A giraffe (Lair:3)
  Maggie (D:5)
  An ice devil (IceCv)
  An elephant (Lair:6)
  A demonic crawler (D:6)
  A blink frog (Lair:5)
  A dream sheep (Lair:6)
  A vampire mosquito (D:6)
  4 yaks
  A human (D:7)
  A basilisk (Lair:1)
  2 orc warriors (Orc:1)
  A porcupine (D:5)
  An ogre (D:3)
  A crocodile (Lair:3)
  A black mamba zombie (Lair:1)
  A killer bee (D:6)
  A mummy (Lair:1)
  A worker ant (D:5)
  A bullfrog zombie (D:6)
  2 bullfrog skeletons
  A porcupine skeleton (Lair:1)
  3 orcs
  A kobold (D:5)
  A quokka zombie (Lair:1)
36 creatures vanquished.

Vanquished Creatures (others)
  A blink frog (Lair:6)
  A water moccasin (Lair:4)
  An orc priest (Orc:2)
  An orc wizard (Orc:2)
  A bush (Lair:6)
  17 fungi
  A giant blowfly (Lair:6)
  38 plants
  101 withered plants (D:2)
162 creatures vanquished.

Grand Total: 796 creatures vanquished

Notes
Turn   | Place    | Note
-------+----------+-------------------------------------------
     0 | D:1      | st0uf the Immature Draconian Demonspawn began the quest for
                  | the Orb.
     0 | D:1      | Reached XP level 1. HP: 16/16 MP: 3/3
    78 | D:1      | Gained mutation: You have a pair of small antennae on your
                  | head. [demonic ancestry]
    78 | D:1      | Reached XP level 2. HP: 24/24 MP: 4/4
    96 | D:1      | Gained mutation: You are partially covered in thin metallic
                  | scales. (AC +2) [demonic ancestry]
    96 | D:1      | Reached XP level 3. HP: 26/29 MP: 5/5
   527 | D:1      | Reached XP level 4. HP: 37/37 MP: 7/7
   958 | D:2      | Noticed a big kobold
   976 | D:2      | Killed a big kobold
   976 | D:2      | Gained mutation: When hurt, damage is shared between your
                  | health and your magic reserves. [demonic ancestry]
   976 | D:2      | Reached XP level 5. HP: 38/42 MP: 8/8
  1128 | D:2      | Reached XP level 6. HP: 41/51 MP: 8/10
  1159 | D:2      | Noticed Sigmund
  1171 | D:2      | Killed Sigmund
  1327 | D:2      | Your scales start taking on a fiery red colour.
  1327 | D:2      | Reached XP level 7. HP: 57/57 MP: 12/12
  1327 | D:2      | Gained mutation: A weak demonic guardian rushes to your
                  | aid. [demonic ancestry]
  1327 | D:2      | Gained mutation: Your imposing gold scales grant you
                  | resistance to fire, cold and poison. (rF+, rC+, rPois) [Red
                  | Draconian growth]
  1327 | D:2      | Gained mutation: You are strongly in touch with the powers
                  | of fire, ice and venom. [Red Draconian growth]
  2264 | D:3      | Reached skill level 5 in Unarmed Combat
  2814 | D:4      | Found a snail-covered altar of Cheibriados.
  2825 | D:4      | Reached XP level 8. HP: 67/67 MP: 14/14
  3000 | D:4      | Found a staircase to the Ecumenical Temple.
  3028 | Temple   | Entered the Ecumenical Temple
  3196 | Temple   | Became a worshipper of Bahamut & Tiamat
  3329 | D:4      | Reached skill level 1 in Shields
  3865 | D:5      | Entered Level 5 of the Dungeon
  3915 | D:5      | Reached skill level 5 in Fighting
  3986 | D:5      | Reached skill level 5 in Spellcasting
  3999 | D:5      | Reached XP level 9. HP: 45/74 MP: 11/16
  4034 | D:5      | Reached * piety under Bahamut & Tiamat
  4049 | D:5      | Reached skill level 5 in Invocations
  4137 | D:5      | Found a frozen archway.
  4144 | IceCv    | Entered an ice cave
  4152 | IceCv    | Noticed an ice devil
  4178 | IceCv    | Killed an ice devil
  4278 | IceCv    | Noticed an ice devil
  4298 | IceCv    | Killed an ice devil
  4350 | IceCv    | Noticed an ice devil
  4350 | IceCv    | Noticed an ice statue
  4350 | IceCv    | Noticed an ice statue
  4381 | IceCv    | Killed an ice devil
  4509 | IceCv    | Killed an ice statue
  4535 | IceCv    | Killed an ice statue
  4535 | IceCv    | Gained mutation: You are naturally skilled at Long Blades
                  | (Aptitude +3). [draconic bloodline]
  4535 | IceCv    | Reached XP level 10. HP: 67/83 MP: 14/19
  4893 | IceCv    | Noticed a necromancer
  4894 | IceCv    | Identified the +5 trident "Qacryuvu" {venom, rN+ Str+3
                  | Int+3}
  4894 | IceCv    | Identified the +2 robe of Wakudu Adwet {Int+4}
  4900 | IceCv    | Killed a necromancer
  5040 | IceCv    | Reached skill level 5 in Fire Magic
  5142 | D:5      | Noticed Maggie
  5144 | D:5      | Reached ** piety under Bahamut & Tiamat
  5156 | D:5      | Killed Maggie
  5284 | D:5      | Noticed Erolcha
  5326 | D:5      | Killed Erolcha
  5326 | D:5      | Reached XP level 11. HP: 44/92 MP: 12/21
  5390 | D:5      | Noticed Maurice
  5513 | D:5      | Killed Maurice
  5629 | D:5      | Reached *** piety under Bahamut & Tiamat
  5658 | D:5      | Identified the cursed amulet "Ciyxorin" {Gourm rElec Dex+7,
                  | (Curse: Fragile)}
  5688 | D:5      | Noticed Pikel
  5702 | D:6      | Noticed a four-headed hydra
  5759 | D:6      | Noticed an eight-headed hydra
  5778 | D:5      | HP: 4/92 [scorpion (2)]
  5920 | D:6      | HP: 2/92 [eight-headed hydra (4)]
  5922 | D:6      | Killed an eight-headed hydra
  6136 | D:6      | Killed a four-headed hydra
  6136 | D:6      | Reached skill level 10 in Unarmed Combat
  6165 | D:6      | Killed an unseen horror
  6195 | D:6      | Found an opulent altar of Gozag.
  6234 | D:6      | Found a viscous altar of Jiyva.
  6235 | D:6      | Noticed DEFE's ghost (journeyman DrDs)
  6361 | D:6      | Reached **** piety under Bahamut & Tiamat
  6426 | D:6      | Found a staircase to the Orcish Mines.
  6513 | D:6      | Found a stormy altar of Qazlal.
  6541 | D:6      | Noticed Frances
  6558 | D:5      | Found a staircase to the Lair.
  6602 | D:5      | Killed Pikel
  6602 | D:5      | Gained mutation: You are naturally skilled at Shields
                  | (Aptitude +3). [draconic bloodline]
  6602 | D:5      | Gained mutation: You regenerate magic rapidly. [demonic
                  | ancestry]
  6602 | D:5      | Reached XP level 12. HP: 66/102 MP: 19/24
  6993 | Lair:1   | Entered Level 1 of the Lair of Beasts
  7002 | Lair:1   | Reached skill level 5 in Dodging
  7263 | Lair:1   | Noticed a mummy priest
  7379 | Lair:1   | Reached ***** piety under Bahamut & Tiamat
  7788 | Lair:1   | Noticed a mummy priest
  7791 | Lair:1   | Killed a mummy priest
  7810 | Lair:1   | Killed a mummy priest
  8084 | Lair:1   | Reached skill level 10 in Invocations
  8091 | Lair:1   | Noticed Joseph
  8109 | Lair:1   | Killed Joseph
  8965 | Lair:2   | Reached ****** piety under Bahamut & Tiamat
  8968 | Lair:2   | Your scales start taking on an imposing gold colour.
  8968 | Lair:2   | Reached XP level 12. HP: 105/105 MP: 25/25
  8982 | Lair:2   | Gained mutation: You are strongly in touch with the powers
                  | of fire, ice and venom. [Golden Draconian growth]
  8982 | Lair:2   | Reached XP level 13. HP: 111/111 MP: 26/26
  9538 | Lair:3   | Reached skill level 10 in Fighting
 10064 | Lair:4   | Found a staircase to the Shoals.
 10086 | Lair:4   | Found a runed translucent gate.
 10086 | Lair:4   | Found a runed translucent gate.
 10087 | Lair:4   | Noticed ZomBoFoB's ghost (journeyman DrPr)
 10094 | Lair:4   | Found a hole to the Spider Nest.
 10190 | Lair:4   | Reached skill level 10 in Spellcasting
 10422 | Lair:4   | Found a runed translucent gate.
 10464 | Lair:4   | Identified the +5 targe "Xioseato" {crush, rF- rN+ Str+2}
 11284 | Lair:5   | Gained mutation: You are naturally skilled at Short Blades
                  | (Aptitude +3). [draconic bloodline]
 11284 | Lair:5   | Gained mutation: When low on magic, you restore magic in
                  | place of health. [demonic ancestry]
 11284 | Lair:5   | Reached XP level 14. HP: 119/121 MP: 28/28
 11850 | Lair:6   | Entered Level 6 of the Lair of Beasts
 12209 | Lair:6   | Found a viscous altar of Jiyva.
 12209 | Lair:6   | Found a staircase to the Slime Pits.
 12284 | Lair:6   | Learned a level 4 spell: Sticky Flame
 12633 | Lair:6   | Reached skill level 1 in Poison Magic
 13505 | Lair:6   | Identified the +4 dagger "Fytwug" {pierce, rElec rC+ Int+4}
 13526 | Lair:6   | Identified a scroll of acquirement
 13740 | D:6      | Killed Frances
 13759 | D:6      | Found a runed translucent gate.
 13759 | D:6      | Found a runed translucent gate.
 13759 | D:6      | Found a runed translucent gate.
 13774 | D:6      | Found a roughly hewn altar of Beogh.
 14049 | D:7      | Found a bloodstained altar of Trog.
 14058 | D:7      | Found a radiant altar of Vehumet.
 14067 | D:7      | Found a shattered altar of Ashenzari.
 14076 | D:7      | Found a white marble altar of Elyvilon.
 14116 | D:7      | Found a blossoming altar of Fedhas.
 14116 | D:7      | Found an ancient bone altar of Kikubaaqudgha.
 14142 | D:7      | Reached skill level 1 in Short Blades
 14236 | D:7      | Gained mutation: You are naturally adept at Long Blades
                  | (Aptitude +5). [draconic bloodline]
 14236 | D:7      | Reached XP level 15. HP: 82/130 MP: 21/30
 14624 | D:7      | Found Raibrerech's Jewellery Boutique.
 14712 | D:7      | Reached skill level 1 in Long Blades
 14727 | D:7      | Found a shimmering altar of Xom.
 14733 | D:7      | Found a glowing silver altar of Zin.
 14757 | D:7      | Found a shadowy altar of Dithmenos.
 14871 | D:7      | Found a gate to the Vaults.
 15270 | D:8      | Entered Level 8 of the Dungeon
 15340 | D:8      | Reached skill level 5 in Long Blades
 15457 | D:8      | Found a sacrificial altar of Ru.
 16269 | D:8      | Found a staircase to the Depths.
 16350 | Orc:1    | Entered Level 1 of the Orcish Mines
 16776 | Orc:2    | Entered Level 2 of the Orcish Mines
 17203 | Orc:2    | Found a staircase to the Elven Halls.
 17422 | Orc:2    | Identified the cursed ring of the Country {Str+2 Int+5,
                  | (Curse: Fragile Dex-4)}
 17422 | Orc:2    | Noticed Rupert
 17447 | Orc:2    | Killed Rupert
 17466 | Orc:2    | Mangled by a two-headed ogre

Levels and vault maps discovered:
D:1:      saegor_arrival_simple_c, layout_basic, first_ration,
          gup_sewer_entry_bowl
D:2:      layout_sewer, uniq_sigmund
D:3:      layout_layer_cave
D:4:      layout_stronghold, slow_altar_1, minmay_temple_entry_ruins,
          serial_column_ruins, column_ruins_hut_ruined, column_ruins_hut,
          column_ruins_open_small, column_ruins_grid_2, column_ruins_grid_1,
          column_ruins_columns_plus, grunt_ogre_cave
D:5:      layout_long_grid, lair_entry_dummy, portal_ice_cave_entry_pillars_2,
          nicolae_ossuary_entry_false_entrances, uniq_maggie, uniq_maurice,
          uniq_pikel, uniq_erolcha
D:6:      layout_cave_pools, nicolae_qazlal_style_of_elements,
          nicolae_gozag_seed_capital, minmay_orc_entry_temple_small,
          gammafunk_ghost_ooze, einodemon_crawler_minivault, uniq_frances
D:7:      layout_rooms, grunt_temple_overflow_growth_and_decay,
          grunt_temple_overflow_order_and_chaos_1,
          grunt_temple_overflow_cloverleaf, ximxim_vaults_locker_room,
          serial_shops, nicolae_shop_temple_entry_statues_fountains,
          grunt_dithmenos_smoke, serial_bayou, serial_bayou_pond_c,
          serial_bayou_pond_d, serial_bayou_pond_a, serial_bayou_shore_a
D:8:      gammafunk_enter_depths_forms, layout_long_grid, hangedman_ru_absence,
          chequers_mini_garden, minmay_liquid_box, minivault_25_ag
Temple:   dpeg_chambers_temple
Lair:1:   layout_gridlike, ossuary_tomb_2, grunt_megastairs_3,
          serial_bayou_shore_b, uniq_joseph
Lair:2:   layout_chaotic_city, beast_lair_carwin_6
Lair:3:   layout_loops_ring, grunt_megastairs_5
Lair:4:   layout_concentric_octagons, shoals_dummy_entry, dummy_spider_entry,
          gammafunk_ghost_necromancy, lemuel_fruit_tree,
          minmay_lair_oklob_chamber
Lair:5:   layout_loops_ring
Lair:6:   guppyfry_lair_end_dragon, layout_hall_layers,
          hangedman_lair_tendril_chambers, slime_altar_1, lemuel_fruit_fields
Orc:1:    layout_caves, basic_altar, mines2_lemuel, uniq_urug
Orc:2:    st_orc_ogre_mass, layout_caves, serial_shops, shop_statue, uniq_rupert

Skill      XL: |  1  2  3  4  5  6  7  8  9 10 11 12 13 14 15 |
---------------+----------------------------------------------+-----
Unarmed Combat | 2 3 4 5 7 8 9 10 11 12 | 12.5
Fighting       | 2 3 4 5 6 7 8 9 10 11 | 11.3
Spellcasting   | 2 3 4 5 6 7 8 9 10 11 | 11.3
Dodging        | 3 4 6 7 |  7.7
Stealth        | 2 |  2.0
Fire Magic     | 2 3 5 7 7 8 |  8.0
Shields        | 1 2 3 6 7 8 9 |  9.1
Invocations    | 4 6 7 9 10 11 12 | 12.9
Poison Magic   | 2 |  2.9
Short Blades   | 3 4 |  4.3
Long Blades    | 9 |  9.6

Action                   |  1- 3 |  4- 6 |  7- 9 | 10-12 | 13-15 || total
-------------------------+-------+-------+-------+-------+-------++-------
Melee: Unarmed           |    76 |   163 |   331 |   806 |   811 ||  2187
       Tailslap          |     3 |     7 |    54 |   160 |   276 ||   500
       Lance             |       |       |       |     1 |       ||     1
       Sai               |       |       |       |       |    50 ||    50
       Long sword        |       |       |       |       |   363 ||   363
 Cast: Flame Tongue      |       |       |    11 |       |       ||    11
Invok: Choose Bahamut's  |       |       |     1 |       |       ||     1
       Choose Bahamut's  |       |       |       |     1 |       ||     1
       Enhanced Breath   |       |       |       |       |     2 ||     2
       Summon Drakes     |       |       |       |       |     2 ||     2
       Choose Bahamut's  |       |       |       |       |     1 ||     1
       Choose Tiamat's S |       |       |       |       |     1 ||     1
 Abil: Breathe Fire      |       |       |     5 |    18 |     6 ||    29
       Breathe Noxious F |       |       |       |       |     4 ||     4
       Breathe Frost     |       |       |       |       |     1 ||     1
  Use: Potion            |       |       |       |     4 |     3 ||     7
       Scroll            |       |       |       |       |     4 ||     4
 Stab: Sleeping          |     1 |     3 |     4 |     7 |     2 ||    17
       Distracted        |       |       |     1 |     2 |     4 ||     7
       Confused          |       |       |       |       |     3 ||     3
  Eat: Chunk             |       |     2 |     9 |    13 |    30 ||    54
       Ration            |       |       |     1 |     1 |     1 ||     3
Armor: Skin              |     4 |    13 |    46 |   283 |   478 ||   824
Dodge: Dodged            |    21 |    51 |    78 |   279 |   443 ||   872
Block: Buckler           |       |       |     3 |    41 |   123 ||   167
       Sai               |       |       |       |       |     4 ||     4
       Rpst.: Long sword |       |       |       |       |    34 ||    34
